 Dungeon Crawl Stone Soup version 0.29-a0-96-g93358da72b (webtiles) character file.

Game seed: 5601989133352465950

233 Gildeon the Ducker (level 6, -4/43 HPs)
             Began as an Octopode Fighter on Feb 12, 2022.
             Slain by a phantom (6 damage)
             ... in a sewer.
             The game lasted 00:06:13 (2693 turns).

Gildeon the Ducker (Octopode Fighter)               Turns: 2693, Time: 00:06:14

Health: -4/43      AC:  1    Str: 15 (16) XL:     6   Next: 5%
Magic:  6/6        EV: 13    Int:  9 (10) God:
Gold:   132        SH:  4    Dex: 11 (13) Spells: 5/5 levels left

rFire   . . .      SeeInvis .   h - +2 spear (freeze)
rCold   . . .      Faith    .   b - +0 buckler
rNeg    . . .      Spirit   .   (helmet restricted)
rPois   .          Reflect  .   (no amulet)
rElec   .          Harm     .   (no ring)
rCorr   .          Rampage  .   (no ring)
Will    .....                   (no ring)
Stlth   +++.......              (no ring)
HPRegen 0.14/turn               (no ring)
MPRegen 0.10/turn               (no ring)
                                (no ring)
                                (no ring)

@: no status effects
A: almost no armour, amphibious, 8 rings, camouflage 1, gelatinous body 1,
(nimble swimmer 1), tentacles
a: no special abilities


You were in a sewer.
You visited 1 branch of the dungeon, and saw 3 of its levels.
You also visited: Sewer.

You collected 132 gold pieces.

Inventory:

Hand Weapons
 a - a +0 trident
 h - a +2 spear of freezing (weapon)
Armour
 b - a +0 buckler (worn)
Potions
 c - a potion of might
 d - 2 potions of berserk rage
 e - a potion of invisibility
 g - a potion of heal wounds {unknown}
 k - a potion of brilliance {unknown}


   Skills:
 + Level 3.7 Fighting
 * Level 3.8 Polearms
 + Level 3.8 Dodging
 + Level 3.0 Stealth
 + Level 3.8 Shields


You had 5 spell levels left.
You didn't know any spells.
Your spell library contained the following spells:

 Spells                   Type           Power      Damage    Failure   Level
 Sandblast                Erth           0%         2d4       45%         1
 Corpse Rot               Necr/Air       0%         N/A       61%         2
 Passwall                 Tmut/Erth      0%         N/A       61%         2
 Poisonous Vapours        Pois/Air       0%         N/A       61%         2
 Stone Arrow              Conj/Erth      0%         3d7       83%         3


Dungeon Overview and Level Annotations

Branches:
Dungeon (3/15)              Sewer (1/1)

Altars:

Shops:
D:2 **


Innate Abilities, Weirdness & Mutations

You cannot wear most types of armour.
You are amphibious.
You can wear up to eight rings at the same time.
Your skin changes colour to match your surroundings (Stealth+).
Your rubbery body absorbs attacks. (AC +1, EV +1)
((You are camouflaged when in or above water. (Stealth+)))
You have tentacles for arms and can constrict up to eight enemies at once.


Message History

A kobold is wielding a +2 short sword of speed.
A phantom comes into view.
Found 3 yellow potions and a scroll labelled OVITHYISM.
The kobold shouts! x2
The shadow imp shouts, "Beg for mercy, thou beslubbering weather-bitten deadneck!"
There is an open gate here.
Found a scroll of identify.
The kobold misses you.
The kobold throws a stone.
The stone hits you. The kobold misses you.
There is an open gate here.
The kobold throws a stone.
The stone barely misses you. The kobold barely misses you.
The kobold throws a stone.
The stone hits you. The shadow imp gestures at you.
Pain shoots through your body!
The kobold throws a stone.
The stone closely misses you.
The kobold throws a stone.
The stone barely misses you.
There is an open door here.
The shadow imp grinds its teeth.
You closely miss the phantom. Your squeeze misses the phantom.
The phantom hits you!
You closely miss the phantom. Your squeeze misses the phantom.
The shadow imp shouts, "Slither away, thou plume-plucked crook-pated surfacer!"
The phantom completely misses you.
You hit the phantom.
The phantom is lightly damaged.
The phantom hits you.
The phantom blinks!
You blink.
You miss the phantom.
The kobold shouts!
You squeeze the phantom.
The phantom is lightly damaged.
The phantom hits you!
* * * LOW HITPOINT WARNING * * *
The phantom blinks!
You blink.
The shadow imp hits you.
* * * LOW HITPOINT WARNING * * *
It was a potion of degeneration.
There was something very wrong with that liquid.
You feel weakened.
You feel dopey.
You feel clumsy. The phantom hits you.
You die...

≈≈≈≈≈≈≈≈≈.'.≈≈##≈...≈#
≈≈≈≈≈≈≈≈..#)≈≈##≈...≈#
≈≈≈≈≈≈≈≈≈)#.≈≈##≈...≈#
≈≈≈≈≈≈≈≈≈)#.≈≈##≈...≈#
≈≈≈≈≈≈≈≈))#.≈≈###'''##
≈≈≈≈≈≈≈.†.#..≈##.....##
≈≈###≈#.####[###..⌠...#
........≈≈#...#WK...⌠.+
.......≈≈≈≈...'@5.§...+
........≈≈#...#KK...⌠.+
≈##≈###.####.###..⌠...#
≈≈≈ ≈≈.. #.≈≈##.....##
≈≈≈≈≈≈≈≈. #)≈≈###+++##
≈≈≈≈≈≈≈≈≈ #.≈≈# ≈≈≈≈≈≈
#.≈≈# ≈≈≈≈ #..≈# +.≈≈#


You could see a phantom, a shadow imp and 3 kobolds.

Vanquished Creatures
  A wight (Sewer)
  7 adders
  2 river rats (D:3)
  A shadow imp (Sewer)
  2 ufetubi (Sewer)
  An adder zombie (Sewer)
  2 dart slugs
  2 worms (D:3)
  A bat (Sewer)
  A bat zombie (Sewer)
  4 endoplasms
  5 giant cockroaches
  3 goblins
  5 hobgoblins
  7 jackals
  17 kobolds
  3 quokkas
  5 ball pythons
  2 frilled lizards
  A giant cockroach zombie (Sewer)
  3 kobold zombies (Sewer)
  8 rats
83 creatures vanquished.

Notes
Turn   | Place    | Note
-------+----------+-------------------------------------------
     0 | D:1      | Gildeon the Octopode Fighter began the quest for the Orb.
     0 | D:1      | Reached XP level 1. HP: 16/16 MP: 1/1
   203 | D:1      | Reached XP level 2. HP: 21/21 MP: 2/2
   601 | D:1      | Reached skill level 1 in Stealth
   830 | D:1      | Reached XP level 3. HP: 20/26 MP: 3/3
  1465 | D:2      | Reached XP level 4. HP: 28/31 MP: 4/4
  1494 | D:2      | Found Cuutij's Assorted Antiques.
  1776 | D:2      | Found Tomop's General Store.
  2081 | D:3      | Reached XP level 5. HP: 36/36 MP: 5/5
  2111 | D:3      | Found a glowing drain.
  2117 | Sewer    | Entered a sewer
  2440 | Sewer    | Found an ancient bone altar of Kikubaaqudgha.
  2459 | Sewer    | Reached XP level 6. HP: 19/43 MP: 6/6
  2692 | Sewer    | HP: 2/43 [shadow imp (5)]
  2693 | Sewer    | Slain by a phantom

Illustrated notes

Levels and vault maps discovered:
D:1:      dpeg_arrival_arbitrary_a, layout_basic
D:2:      layout_rooms, serial_shops, nicolae_diamond_shop, shop
D:3:      layout_loops_ring, lightli_sewer_entry_pipes,
          hellmonk_ecumenical_altar_pennies_from_heaven,
          chequers_serial_rivers_small_3, minivault_26
Sewer:    kennysheep_sewer_church

Skill      XL: |  1  2  3  4  5 |
---------------+----------------+-----
Stealth        | 1 2 3 |  3.0
Polearms       | 3 |  3.8
Fighting       | |  3.7
Dodging        | |  3.8
Shields        | |  3.8

Action                   |  1- 3 |  4- 6 || total
-------------------------+-------+-------++-------
Melee: Trident           |    67 |    74 ||   141
       Tentacles         |    10 |    24 ||    34
       Constrict         |    15 |    30 ||    45
       Punch             |     1 |     3 ||     4
       Spear             |       |    13 ||    13
  Use: Scroll            |     1 |     4 ||     5
       Potion            |       |     1 ||     1
 Stab: Sleeping          |     5 |     8 ||    13
Armor: Skin              |     8 |     6 ||    14
Dodge: Dodged            |    33 |    52 ||    85
Block: Buckler           |    10 |    13 ||    23

Table legend: (Time is in decaauts)
 A = Elapsed time spent in this place.
 B = Non-inter-level travel time spent in this place.
 C = Inter-level travel time spent in this place.
 D = Time resting spent in this place.
 E = Time spent auto-exploring this place.
 F = Levels seen in this place.
 G = Mean time per level.
                   A        B        C        D        E       F      G
               +--------+--------+--------+--------+--------+-----+--------+
         Total |   2718 |   2617 |    101 |    166 |   1879 |   4 |  679.5 |
       Dungeon |   2139 |   2038 |    101 |      0 |   1584 |   3 |  713.0 |
         Sewer |    578 |    578 |      0 |    166 |    295 |   1 |  578.0 |
               +--------+--------+--------+--------+--------+-----+--------+

Top non-repeatable levels by time:
     D:1: 1241 daAuts
     D:2: 821 daAuts
   Sewer: 578 daAuts
     D:3: 77 daAuts
